 Dungeon Crawl Stone Soup version 0.26-a0-519-gb2f46ef (webtiles) character file.

Game seed: 8014330128367184210

11 sauken the Grasshopper (level 2, 0/23 HPs)
             Began as a Barachi Warper on Aug 11, 2020.
             Slain by a worker ant zombie (5 damage)
             ... on level 5 of the Dungeon.
             The game lasted 00:02:50 (460 turns).

sauken the Grasshopper (Barachi Warper)              Turns: 460, Time: 00:02:51

Health: 0/23       AC:  3    Str: 12    XL:     2   Next: 25%
Magic:  5/5        EV: 12    Int: 13    God:
Gold:   11         SH:  0    Dex: 11    Spells: 5/5 levels left

rFire    . . .     SeeInvis .     - Unarmed
rCold    . . .     Faith    .   (no shield)
rNeg     . . .     Spirit   .   a - +0 leather armour
rPois    .         Reflect  .   (no helmet)
rElec    .         Harm     .   (no cloak)
rCorr    .                      (no gloves)
MR       .....                  (no boots)
Stlth    +.........             (no amulet)
HPRegen  0.07/turn              (no ring)
MPRegen  0.09/turn              (no ring)

@: slow
A: +LOS, swims, slowness 1, strong legs 1
a: Hop


You were on level 5 of the Dungeon.
You visited 1 branch of the dungeon, and saw 5 of its levels.

You collected 11 gold pieces.

Inventory:

Missiles
 d - 3 boomerangs (quivered)
 e - 28 stones
 Q - 16 arrows
Armour
 a - a +0 leather armour (worn)
Wands
 f - a wand of polymorph (7)
Scrolls
 c - a scroll of blinking {!r}


   Skills:
 + Level 2.8 Fighting
 - Level 1.0 Throwing
 - Level 1.2 Armour
 - Level 2.1 Dodging
 * Level 2.9 Unarmed Combat
 - Level 2.1 Spellcasting
   Level 3.2 Translocations


You had 5 spell levels left.
You didn't know any spells.
Your spell library contained the following spells:

 Spells                   Type           Power        Failure   Level
 Blink                    Tloc           N/A          12%         2
 Gell's Gravitas          Tloc           #.........   24%         3
 Lesser Beckoning         Tloc           #.........   24%         3
 Teleport Other           Tloc           #.......     24%         3
 Corona                   Hex            #......      32%         1
 Ensorcelled Hibernation  Hex/Ice        #.....       43%         2
 Passage of Golubria      Tloc           N/A          63%         4
 Confusing Touch          Hex            #.......     67%         3
 Dazzling Flash           Conj/Hex       #.....       67%         3
 Tukima's Dance           Hex            #.......     67%         3


Dungeon Overview and Level Annotations

Branches:
Dungeon (5/15)
 Temple: D:4-7

Altars:
Ashenzari

Shops:
D:5 (

Annotations:
D:2 Jessica


Innate Abilities, Weirdness & Mutations

You can be seen from farther away. (+LOS)
You can swim through water.
You cover ground slowly.
You can hop short distances.


Message History

The javelin barely misses the frilled lizard.
The frilled lizard closely misses you. x2
Throwing (i - inventory. (/) - cycle)
b - a javelin (quivered)
Aim: a frilled lizard You throw a javelin.
The javelin misses the frilled lizard.
The frilled lizard bites you but does no damage.
You miss the frilled lizard.
The frilled lizard bites you but does no damage.
You closely miss the frilled lizard. The frilled lizard barely misses you.
You hit the frilled lizard.
A worker ant zombie comes into view.
The frilled lizard bites you but does no damage.
You hit the frilled lizard.
You kill the frilled lizard!
The worker ant zombie closely misses you.
You open the door.
The worker ant zombie closely misses you.
Found a shattered altar of Ashenzari.
The worker ant zombie bites you.
You die...

#.# #.# #..### #.# ....#
#.#+### # ###..## #.....#
⌠.##+##.(#..### #.....#
.........†....# #.....#
#.......##.##.###.....#
#.......#Z..#.........#
+..._...@...'..###....#
#.......#...#..###....#
#.......#####....#....###
.......)......##.##+##)<.
⌠.##+##.⌠#..### .# #... #
## #.# # +... ... #...
..# #... #.# #...

Notes
Turn   | Place    | Note
-------+----------+-------------------------------------------
     0 | D:1      | sauken the Barachi Warper began the quest for the Orb.
     0 | D:1      | Reached XP level 1. HP: 17/17 MP: 3/3
    48 | D:2      | Noticed Jessica
   386 | D:5      | Entered Level 5 of the Dungeon
   386 | D:5      | Found Ippatanu's Weapon Boutique.
   399 | D:5      | Reached XP level 2. HP: 9/23 MP: 5/5
   402 | D:5      | HP: 5/23 [orc/boomerang (4)]
   402 | D:5      | HP: 1/23 [orc/boomerang (4)]
   449 | D:5      | HP: 4/23 [frilled lizard (1)]
   459 | D:5      | Found a shattered altar of Ashenzari.
   460 | D:5      | Slain by a worker ant zombie

Table legend: (Time is in decaauts)
 A = Elapsed time spent in this place.
 B = Non-inter-level travel time spent in this place.
 C = Inter-level travel time spent in this place.
 D = Time resting spent in this place.
 E = Time spent auto-exploring this place.
 F = Levels seen in this place.
 G = Mean time per level.
                   A        B        C        D        E       F      G
               +--------+--------+--------+--------+--------+-----+--------+
         Total |    510 |    510 |      0 |    163 |     15 |   5 |  102.0 |
       Dungeon |    510 |    510 |      0 |    163 |     15 |   5 |  102.0 |
               +--------+--------+--------+--------+--------+-----+--------+

Top non-repeatable levels by time:
     D:3: 247 daAuts
     D:4: 110 daAuts
     D:5: 88 daAuts
     D:2: 33 daAuts
     D:1: 30 daAuts

Table legend:
 A = Kills in this place as a percentage of kills in entire the game.
 B = Kills by you in this place as a percentage of kills by you in the entire game.
 C = Kills by friends in this place as a percentage of kills by friends in the entire game.
 D = Other kills in this place as a percentage of other kills in the entire game.
 E = Experience gained in this place as a percentage of experience gained in the entire game.
 F = Experience gained in this place divided by the number of levels of this place that you have seen.
                   A       B       C       D       E      F
               +-------+-------+-------+-------+-------+----------------------
         Total | 100.0 | 100.0 |   N/A |   N/A | 100.0 |   3.2
       Dungeon | 100.0 | 100.0 |   N/A |   N/A | 100.0 |   3.2
               +-------+-------+-------+-------+-------+----------------------

Action                   || total
-------------------------++-------
Melee: Unarmed           ||    19
Throw: Boomerang         ||     5
       Javelin           ||     7
       Stone             ||     1
 Abil: Hop               ||     2
  Use: Scroll            ||     1
Armor: Leather armour    ||    22
Dodge: Dodged            ||    36

Vanquished Creatures
  3 orcs (D:5)
  A goblin (D:3)
  A hobgoblin (D:3)
  A frilled lizard (D:5)
  A kobold (D:3)
  A rat (D:2)
8 creatures vanquished. You could see a worker ant zombie.

Levels and vault maps discovered:
D:1:      dpeg_arrival_lava_temple_mockup, layout_basic, minmay_split_cup_large
D:2:      layout_rooms, uniq_jessica
D:3:      layout_loops_ring
D:4:      layout_basic, minmay_tree_intersection
D:5:      layout_basic, evilmike_ruin_ashenzari, serial_shops, kennysheep_mini,
          shop, shop
